 Dungeon Crawl Stone Soup version 0.27.1-2-g3b301248ec (webtiles) character file.

Game seed: 14250726754690967738

147 Crownlay the Firebug (level 5, -3/38 HPs)
             Began as a Hill Orc Fire Elementalist on Sept 28, 2021.
             Killed by an exploding orc wizard (29 damage)
             ... ignited by their inner flame
             ... on level 4 of the Dungeon on Sept 30, 2021.
             The game lasted 00:11:42 (4441 turns).

Crownlay the Firebug (Hill Orc Fire Elementalist)   Turns: 4441, Time: 00:11:42

Health: -3/38      AC:  2    Str: 11    XL:     5   Next: 29%
Magic:  4/7        EV: 12    Int: 16    God:
Gold:   42         SH:  0    Dex: 11    Spells: 3/7 levels left

rFire    . . .     SeeInvis +   i - +0 war axe (vorpal)
rCold    . . .     Faith    .   (no shield)
rNeg     . . .     Spirit   .   a - +0 robe
rPois    .         Reflect  .   (no helmet)
rElec    .         Harm     .   (no cloak)
rCorr    .         Rampage  .   (no gloves)
Will     .....                  (no boots)
Stlth    ++........             f - amulet of regeneration
HPRegen  1.12/turn              j - ring of see invisible
MPRegen  0.10/turn              (no ring)

@: no status effects
A: no striking features
a: no special abilities


You were on level 4 of the Dungeon.
You visited 1 branch of the dungeon, and saw 4 of its levels.

You collected 94 gold pieces.
You spent 52 gold pieces at shops.

Inventory:

Hand Weapons
 i - a +0 vorpal war axe (weapon)
Armour
 a - a +0 robe (worn)
Jewellery
 f - an amulet of regeneration (around neck)
 j - a ring of see invisible (left hand)
Wands
 e - a wand of flame (12)
Scrolls
 b - 4 scrolls of teleportation
 d - a scroll of enchant weapon {unknown}
 g - 2 scrolls of immolation {unknown}
 h - a scroll of noise {unknown}
Potions
 c - 2 potions of attraction {unknown}
 k - a potion of flight {unknown}
 l - a potion of curing
 m - a potion of degeneration


   Skills:
 - Level 1.5 Dodging
 - Level 1.5 Stealth
 - Level 1.5 Spellcasting
 - Level 1.0 Conjurations
 + Level 6.4 Fire Magic


You had 3 spell levels left.
You knew the following spells:

 Your Spells              Type           Power      Damage    Failure   Level
a - Foxfire               Conj/Fire      52%        2x1d6     4%          1
b - Inner Flame           Hex/Fire       11%        N/A       17%         3

Your spell library contained the following spells:

 Spells                   Type           Power      Damage    Failure   Level
 Conjure Flame            Conj/Fire      13%        6-21      14%         3
 Sticky Flame             Conj/Fire      13%        2d4       43%         4
 Fireball                 Conj/Fire      6%         3d5       78%         5


Dungeon Overview and Level Annotations

Branches:
Dungeon (4/15)
 Temple: D:4-7

Altars:
The Shining One

Shops:
D:1 [   D:4 !


Message History

Your unstable footing causes you to fumble your attack.
The orc splashes around in the water.
The orc hits you with a +0 flail!
The orc wizard hits you with a +0 dagger.
The orc barely misses you.
The orc splashes around in the water.
You are too injured to fight recklessly!
You are too injured to fight recklessly!
You are too injured to fight recklessly!
The orc splashes around in the water.
The orc splashes around in the water.
The orc barely misses you.
Casting: Foxfire (safe; 4% risk of failure)
Confirm with . or Enter, or press ? or * to list all spells.
The spell is quite dangerous to cast (17% risk of failure)!
Continue anyway?
Aiming: Inner Flame (quite dangerous; 17% risk of failure)
Press: ? - help, Shift-Dir - straight line, f - orc wizard
Aim: an orc wizard, wielding a +0 dagger and wearing a +0 robe (slightly transparent, chance to affect: 62%)
The orc wizard is filled with an inner flame.
You hit the orc but do no damage. You hit the plant.
The plant begins to die.
You hit the plant but do no damage. You slash the plant!
The plant begins to die.
You closely miss the orc.
You hit the plant. x2; The plant begins to die.
You slash the plant! The orc hits you with a +0 flail!
A nearby plant withers and dies.
A nearby plant withers and dies.
You hit the orc wizard but do no damage.
You hit the orc.
A nearby plant withers and dies.
The orc wizard hits you but does no damage.
The orc closely misses you.
You barely miss the orc wizard. You hit the orc.
You kill the orc!
The orc wizard hits you with a +0 dagger. x2
You slash the orc wizard!
Flame seeps out of the orc wizard. x2
The orc wizard is almost dead.
You closely miss the orc. The orc hits you with a +0 dagger.
The orc wizard is engulfed in blazing flames.
The orc wizard explodes!
The fiery explosion engulfs the orc!!
You kill the orc!
The fiery explosion engulfs you!!
Ouch! That really hurt!
You die...

.........##
........8.###
.......<....#
......8.∩.8.#
........<..##
........8..###
.............#
..........##.#
.........###@##
.###########○§#
###PP.§§#
###.≈≈≈≈.≈#
#P≈≈≈≈≈♣≈≈#
##.≈♣♣♣♣♣PP#
#.≈≈ P≈..#
...≈P♣ ♣PPP.#
#....♣♣ ≈≈PP.#


There were no monsters in sight!

Vanquished Creatures
  An orc wizard (D:4)
  4 adders
  An ufetubus (D:3)
  3 worms
  3 dart slugs (D:1)
  11 orcs
  8 bats
  5 endoplasms
  A giant cockroach (D:3)
  8 hobgoblins
  4 quokkas
  8 ball pythons
  10 frilled lizards
  5 goblins
  2 kobolds (D:1)
  9 rats
83 creatures vanquished.

Vanquished Creatures (collateral kills)
  2 foxfires (D:4)
2 creatures vanquished.

Vanquished Creatures (others)
  172 foxfires
  26 plants
198 creatures vanquished.

Grand Total: 283 creatures vanquished

Notes
Turn   | Place    | Note
-------+----------+-------------------------------------------
     0 | D:1      | Crownlay the Hill Orc Fire Elementalist began the quest for
                  | the Orb.
     0 | D:1      | Reached XP level 1. HP: 14/14 MP: 3/3
   412 | D:1      | Reached XP level 2. HP: 16/20 MP: 2/4
   477 | D:1      | Reached skill level 4 in Fire Magic
   750 | D:1      | Found a faded altar of an unknown god.
   895 | D:1      | Reached XP level 3. HP: 13/26 MP: 1/5
  1143 | D:1      | Found Cinnid's Antique Armour Emporium.
  1196 | D:1      | Learned a level 3 spell: Inner Flame
  1981 | D:2      | Reached skill level 5 in Fire Magic
  2196 | D:2      | Reached XP level 4. HP: 24/33 MP: 3/6
  3271 | D:3      | Reached skill level 6 in Fire Magic
  3643 | D:3      | Found a glowing golden altar of the Shining One.
  3715 | D:3      | Reached XP level 5. HP: 38/38 MP: 3/7
  4396 | D:4      | Found Ykeddir's Distillery.
  4399 | D:4      | Bought a potion of curing for 39 gold pieces
  4399 | D:4      | Bought a potion of degeneration for 13 gold pieces
  4441 | D:4      | Killed by an exploding orc wizard... ignited by their inner
                  | flame

Illustrated notes

Levels and vault maps discovered:
D:1:      psy_arrival_fountain, layout_basic, ebering_ecumenical_altar_rust,
          serial_shops, nicolae_shop_crystal
D:2:      layout_basic, serial_bayou_lagoon_a
D:3:      layout_loops_corners, tso_altar, skrybe_limestone_x,
          minmay_lizard_king
D:4:      layout_rooms, grunt_temple_overflow_order_and_chaos_2,
          grunt_temple_overflow_open, grunt_gozag_statues, serial_bayou,
          serial_bayou_lagoon_b, serial_bayou_pond_d, serial_bayou_ford_a,
          serial_bayou_pond_c, serial_shops, nicolae_shop_statue_plus

Skill      XL: |  1  2  3  4 |
---------------+-------------+-----
Fire Magic     | 4 5 6 |  6.4
Dodging        | |  1.5
Stealth        | |  1.5
Spellcasting   | |  1.5
Conjurations   | |  1.0

Action                   |  1- 3 |  4- 6 || total
-------------------------+-------+-------++-------
Melee: Unarmed           |    32 |       ||    32
       War axe           |       |    80 ||    80
 Cast: Foxfire           |    51 |    54 ||   105
       Inner Flame       |       |     2 ||     2
  Use: Scroll            |     1 |       ||     1
Armor: Robe              |     6 |    17 ||    23
Dodge: Dodged            |    39 |    61 ||   100
       Rpst.: Scimitar   |       |     2 ||     2
